 Dungeon Crawl Stone Soup version 0.24-a0-445-gd5110b0 (webtiles) character file.

Game seed: 14209250168419232763

294 ssg the Vexing (level 6, 0/70 HPs)
             Began as a Gnoll Arcane Marksman on June 23, 2019.
             Succumbed to a worker ant's poison
             ... on level 4 of the Dungeon.
             The game lasted 00:05:30 (2454 turns).

ssg the Vexing (Gnoll Arcane Marksman)              Turns: 2454, Time: 00:05:31

Health: 0/70       AC: 23    Str: 14    XL:     6   Next: 33%
Magic:  11/11      EV:  2    Int: 15    God:
Gold:   206        SH:  0    Dex: 16    Spells: 10/11 levels left

rFire    . . .     SeeInvis .   o - +2 dagger (speed)
rCold    . . .     Gourm    .   (no shield)
rNeg     + + +     Faith    .   (armour currently unavailable)
rPois    +         Spirit   .   (helmet currently unavailable)
rElec    .         Reflect  .   (cloak currently unavailable)
rCorr    .         Harm     .   (gloves currently unavailable)
MR       .....     NoTele   +   (boots currently unavailable)
Stlth    ++........             D - amulet of rage
HPRegen  0.21/turn              k - +3 ring of evasion
MPRegen  0.12/turn              (no ring)

@: lethally poisoned (0 -> -4), tree-form, very slightly contaminated, invisible
A: distributed training, strong nose
a: Evoke Berserk Rage


You were on level 4 of the Dungeon.
You were hungry.
You were a tree.
You visited 1 branch of the dungeon, and saw 4 of its levels.

You collected 206 gold pieces.

Inventory:

Hand Weapons
 a - a +0 shortbow
 b - a +3 dagger of flaming
 o - a +2 dagger of speed (weapon)
 C - a +0 falchion of holy wrath
Missiles
 c - 6 boomerangs (quivered)
 d - 40 arrows
 t - 4 boomerangs of dispersal
Armour
 e - a +0 robe
 h - a +0 ring mail
 l - a +2 ring mail of cold resistance
 w - a +1 scale mail of fire resistance
 E - a cursed +0 scale mail (melded)
Jewellery
 k - a +3 ring of evasion (left branch)
 D - an amulet of rage (around neck)
Wands
 y - a wand of polymorph (6)
Scrolls
 n - a scroll of fear
 p - a scroll of remove curse {unknown}
 A - 2 scrolls of teleportation
Potions
 g - a potion of haste
 i - 2 potions of cancellation
 j - 2 potions of agility
 r - 3 potions of flight
 s - a potion of brilliance
Comestibles
 f - 6 rations


   Skills:
 + Level 3.2 Fighting
 + Level 1.9 Short Blades
 + Level 1.9 Long Blades
 + Level 1.9 Axes
 + Level 1.9 Maces & Flails
 + Level 1.9 Polearms
 + Level 1.9 Staves
 + Level 1.9 Slings
 + Level 4.9 Bows
 + Level 1.9 Crossbows
 + Level 1.9 Throwing
 + Level 1.9 Armour
 + Level 4.9 Dodging
 + Level 1.9 Stealth
 + Level 1.9 Shields
 + Level 1.9 Unarmed Combat
 + Level 3.4 Spellcasting
 + Level 1.5 Conjurations
 + Level 5.6 Hexes
 + Level 1.5 Charms
 + Level 1.5 Summonings
 + Level 1.5 Necromancy
 + Level 1.5 Translocations
 + Level 1.5 Transmutations
 + Level 1.5 Fire Magic
 + Level 1.5 Ice Magic
 + Level 1.5 Air Magic
 + Level 1.5 Earth Magic
 + Level 1.5 Poison Magic
 + Level 2.1 Invocations
 + Level 1.9 Evocations


You had 10 spell levels left.
You knew the following spells:

 Your Spells              Type           Power        Failure   Level  Hunger
a - Corona                Hex            ###....      1%          1    None

Your spell library contained the following spells:

 Spells                   Type           Power        Failure   Level  Hunger
 Slow                     Hex            ###.....     2%          2    ##.....
 Inner Flame              Hex/Fire       ##......     13%         3    ###....
 Portal Projectile        Hex/Tloc       ##....       13%         3    ###....
 Cause Fear               Hex            ###.......   19%         4    ####...
 Leda's Liquefaction      Hex/Erth       ##........   41%         4    ####...


Dungeon Overview and Level Annotations

Branches:
Dungeon (4/15)
 Temple: D:4-7

Altars:


Innate Abilities, Weirdness & Mutations

Your experience applies equally to all skills.
((You have very sharp teeth.))
Your uncanny sense of smell can sniff out nearby items.


Message History

Unknown command.
Unknown command.
Unknown command.
Unknown command.
Unknown command.
Unknown command.
Unknown command.
Unknown command.
Unknown command.
* * * LOW HITPOINT WARNING * * *
You feel sick.
* * * LOW HITPOINT WARNING * * *
You feel sick.
* * * LOW HITPOINT WARNING * * *
You feel sick.
* * * LOW HITPOINT WARNING * * *
You feel sick.
* * * LOW HITPOINT WARNING * * *
You feel sick.
You die...

#..........
#..........
#..........
##........#
#####.......##
#............#
##.##.###..##..
#####..##†###.#....
.........♣..w....##
#.......<....#####
##.####..#.......
.. ##...###### #
#.†...# #.#......#
....####.# .#. ## .
....


You could see a worm (wandering).

Vanquished Creatures
  A bullfrog (D:3)
  A hound (D:4)
  A worker ant (D:4)
  Terence (D:3)
  5 adders
  An ooze (D:1)
  An adder skeleton (D:4)
  A worm (D:2)
  2 dart slugs (D:2)
  2 leopard geckos
  10 orcs (D:3)
  4 giant cockroaches
  9 hobgoblins
  4 jackals (D:2)
  12 kobolds
  A quokka (D:3)
  A ball python (D:1)
  11 bats
  A frilled lizard (D:1)
  6 goblins
  7 rats
  A bush (D:1)
83 creatures vanquished.

Notes
Turn   | Place    | Note
-------+----------+-------------------------------------------
     0 | D:1      | ssg the Gnoll Arcane Marksman began the quest for the Orb.
     0 | D:1      | Reached XP level 1. HP: 17/17 MP: 4/4
   155 | D:1      | Reached XP level 2. HP: 22/23 MP: 5/5
   598 | D:1      | Reached XP level 3. HP: 28/28 MP: 7/7
   983 | D:2      | Reached skill level 1 in Invocations
  1067 | D:2      | Reached skill level 1 in Short Blades
  1067 | D:2      | Reached skill level 1 in Long Blades
  1067 | D:2      | Reached skill level 1 in Axes
  1067 | D:2      | Reached skill level 1 in Maces & Flails
  1067 | D:2      | Reached skill level 1 in Polearms
  1067 | D:2      | Reached skill level 1 in Staves
  1067 | D:2      | Reached skill level 1 in Slings
  1067 | D:2      | Reached skill level 1 in Crossbows
  1067 | D:2      | Reached skill level 1 in Throwing
  1067 | D:2      | Reached skill level 1 in Armour
  1067 | D:2      | Reached skill level 1 in Stealth
  1067 | D:2      | Reached skill level 1 in Shields
  1067 | D:2      | Reached skill level 1 in Unarmed Combat
  1067 | D:2      | Reached skill level 1 in Evocations
  1086 | D:2      | Reached XP level 4. HP: 31/34 MP: 8/8
  1382 | D:3      | Noticed Terence
  1424 | D:3      | Killed Terence
  1526 | D:3      | Reached skill level 1 in Conjurations
  1526 | D:3      | Reached skill level 1 in Charms
  1526 | D:3      | Reached skill level 1 in Summonings
  1526 | D:3      | Reached skill level 1 in Necromancy
  1526 | D:3      | Reached skill level 1 in Translocations
  1526 | D:3      | Reached skill level 1 in Transmutations
  1526 | D:3      | Reached skill level 1 in Fire Magic
  1526 | D:3      | Reached skill level 1 in Ice Magic
  1526 | D:3      | Reached skill level 1 in Air Magic
  1526 | D:3      | Reached skill level 1 in Earth Magic
  1526 | D:3      | Reached skill level 1 in Poison Magic
  1599 | D:3      | Reached XP level 5. HP: 34/40 MP: 9/9
  1952 | D:3      | Reached XP level 6. HP: 32/47 MP: 10/10
  2449 | D:4      | HP: 3/70 [poisoned by a worker ant]
  2453 | D:4      | HP: 1/70 [poisoned by a worker ant]
  2454 | D:4      | Succumbed to a worker ant's poison

Levels and vault maps discovered:
D:1:      lightli_arrival_windingriver, layout_rooms, kennysheep_nondescript,
          minmay_hedge_maze, minmay_misc_feat_x
D:2:      layout_rooms
D:3:      layout_loops_corners, uniq_terence
D:4:      layout_rooms, first_ration, uniq_eustachio

Skill      XL: |  1  2  3  4  5  6 |
---------------+-------------------+-----
Invocations    | 1 2 |  2.1
Short Blades   | 1 |  1.9
Long Blades    | 1 |  1.9
Axes           | 1 |  1.9
Maces & Flails | 1 |  1.9
Polearms       | 1 |  1.9
Staves         | 1 |  1.9
Slings         | 1 |  1.9
Crossbows      | 1 |  1.9
Throwing       | 1 |  1.9
Armour         | 1 |  1.9
Stealth        | 1 |  1.9
Shields        | 1 |  1.9
Unarmed Combat | 1 |  1.9
Evocations     | 1 |  1.9
Spellcasting   | 3 |  3.4
Conjurations   | 1 |  1.5
Charms         | 1 |  1.5
Summonings     | 1 |  1.5
Necromancy     | 1 |  1.5
Translocations | 1 |  1.5
Transmutations | 1 |  1.5
Fire Magic     | 1 |  1.5
Ice Magic      | 1 |  1.5
Air Magic      | 1 |  1.5
Earth Magic    | 1 |  1.5
Poison Magic   | 1 |  1.5
Fighting       | 3 |  3.2
Bows           | |  4.9
Dodging        | |  4.9
Hexes          | |  5.6

Action                   |  1- 3 |  4- 6 || total
-------------------------+-------+-------++-------
Melee: Dagger            |   200 |   270 ||   470
       Unarmed           |     4 |       ||     4
       Bite              |    34 |    20 ||    54
       Punch             |     2 |     3 ||     5
 Fire: Shortbow          |     4 |       ||     4
  Use: Scroll            |       |    11 ||    11
       Potion            |       |     3 ||     3
  Eat: Chunk             |     1 |     4 ||     5
Armor: Robe              |     4 |       ||     4
       Ring mail         |    33 |    19 ||    52
       Scale mail        |       |    32 ||    32
       Skin              |       |     7 ||     7
Dodge: Dodged            |    85 |   124 ||   209

Table legend:
 A = Non-vault XP
 B = Vault XP
 C = Vault XP percentage of total XP
 D = Non-vault monster count
 E = Vault monster count
 F = Vault count percentage of total count
                 A         B        C        D         E       F
            +---------+---------+-------+---------+---------+-------
      Total |     388 |      32 |   7.6 |      81 |       1 |   1.2
            +---------+---------+-------+---------+---------+-------
        D:1 |      53 |       0 |   0.0 |      29 |       0 |   0.0
        D:2 |      44 |       0 |   0.0 |      22 |       0 |   0.0
        D:3 |     195 |      32 |  14.1 |      26 |       1 |   3.7
        D:4 |      96 |       0 |   0.0 |       4 |       0 |   0.0
            +---------+---------+-------+---------+---------+-------
